AoeStats
← upvoter22

Arabia

509429102Analyzed
1v1 RM · 5d ago on Sep 26, 2026· 38m 44s· 2 players
Game mode
Random Map
Map size
Tiny (2 player)
Population
200
Speed
Normal
Resources
Standard
Victory
Conquest
Starting age
Dark Age
Ending age
Imperial Age
RankedLock teamsTeams togetherTeam positionsShared explorationLock speedFull tech treeHidden civsTurbo modeCheats
Victory
Defeat
🇩🇪 Franks · Germany
922
+15
🇷🇴 Vikings · Romania
910
-15
upvoter22
10:28 Feudal Age
10:49 Horse Collar
10:55 Double-Bit Axe
13:43 Loom
17:45 Castle Age
16:36 Scale Mail Armor
16:47 Forging
18:46 Pikeman
20:38 Squires
21:56 Bow Saw
22:37 Gold Mining
23:18 Stone Mining
25:23 Heavy Plow
28:33 Chain Mail Armor
28:57 Iron Casting
29:06 Gold Shaft Mining
30:17 Murder Holes
30:37 Fletching
34:48 Imperial Age
32:06 Town Watch
33:04 Bodkin Arrow
35:41 Bracer
37:14 Two-Man Saw
39:07 Padded Archer Armor
40:07 Blast Furnace
LachsTurner4655
9:57 Feudal Age
8:12 Loom
14:37 Scale Barding Armor
16:06 Forging
21:19 Castle Age
19:06 Loom
21:34 Double-Bit Axe
25:19 Wheelbarrow
25:34 Bow Saw
25:16 Gold Mining
27:22 Iron Casting
28:51 Gold Shaft Mining
29:13 Hand Cart
32:27 Chain Barding Armor
32:10 Husbandry
35:09 Imperial Age
34:26 Ballistics
33:57 Pikeman
34:37 Squires
34:40 Scale Mail Armor
35:15 Halberdier
36:34 Conscription
Connection lost

Rejoining the realm…

Still unreachable

The connection could not be restored.

Session expired

The server has moved on; the page needs a fresh start.